 Dungeon Crawl Stone Soup version 0.29.1 (webtiles) character file.

Game seed: 15261757419536221525

54 raistware the Conjurer (level 3, -2/21 HPs)
             Began as an Octopode Conjurer on Sept 12, 2022.
             Slain by an orc
             ... wielding a +0 trident
              (8 damage)
             ... on level 3 of the Dungeon.
             The game lasted 00:03:21 (2227 turns).

raistware the Conjurer (Octopode Conjurer)          Turns: 2227, Time: 00:03:22

Health: -2/21      AC:  1    Str:  6    XL:     3   Next: 91%
Magic:  7/8        EV: 13    Int: 22    God:
Gold:   12         SH:  0    Dex: 10    Spells: 8/9 levels left

rFire   . . .      SeeInvis .   (no weapon)
rCold   . . .      Faith    .   (no shield)
rNeg    . . .      Spirit   .   (helmet restricted)
rPois   .          Reflect  .   r - amulet of magic regeneration
rElec   .          Harm     .   o - ring of willpower
rCorr   .          Rampage  .   q - ring of willpower
Will    ++...                   (no ring)
Stlth   +++.......              (no ring)
HPRegen 0.07/turn               (no ring)
MPRegen 0.51/turn               (no ring)
                                (no ring)
                                (no ring)

@: no status effects
A: almost no armour, amphibious, 8 rings, camouflage 1, gelatinous body 1,
(nimble swimmer 1), tentacles
a: no special abilities


You were on level 3 of the Dungeon.
You visited 1 branch of the dungeon, and saw 3 of its levels.

You collected 93 gold pieces.
You spent 81 gold pieces at shops.

Inventory:

Missiles
 f - 6 poisoned darts
 l - a throwing net
Jewellery
 o - a ring of willpower (left tentacle)
 q - a ring of willpower (right tentacle)
 r - an amulet of magic regeneration (around mantle)
Scrolls
 b - 3 scrolls of teleportation {unknown}
 c - 3 scrolls of enchant armour {unknown}
 e - 2 scrolls of torment {unknown}
 h - a scroll of amnesia {unknown}
 t - a scroll of immolation {unknown}
Potions
 a - a potion of magic
 d - 2 potions of flight {unknown}
 g - a potion of degeneration {unknown}
 i - a potion of haste {unknown}
 j - a potion of curing {unknown}
 k - 2 potions of berserk rage {unknown}
 m - 2 potions of heal wounds {unknown}
 n - a potion of might {unknown}
 p - a potion of mutation {unknown}
 s - a potion of invisibility {unknown}


   Skills:
 - Level 2.0 Dodging
 - Level 2.6 Stealth
 + Level 3.8 Spellcasting
 - Level 4.0 Conjurations


You had 8 spell levels left.
You knew the following spells:

 Your Spells              Type           Power      Damage    Failure   Level
a - Magic Dart            Conj           84%        1d7       2%          1

Your spell library contained the following spells:

 Spells                   Type           Power      Damage    Failure   Level
 Searing Ray              Conj           42%        2d6       3%          2
 Dazzling Flash           Conj/Hex       26%        N/A       16%         3
 Fulminant Prism          Conj/Hex       6%         3d7       45%         4
 Iskenderun's Mystic Bla  Conj/Tloc      13%        2d5       45%         4


Dungeon Overview and Level Annotations

Branches:
Dungeon (3/15)

Altars:

Shops:
D:1 *

Annotations:
D:2 1 runed translucent door, exclusion: door, Crazy Yiuf


Innate Abilities, Weirdness & Mutations

You cannot wear most types of armour.
You are amphibious.
You can wear up to eight rings at the same time.
Your skin changes colour to match your surroundings (Stealth+).
Your rubbery body absorbs attacks. (AC +1, EV +1)
((You are camouflaged when in or above water. (Stealth+)))
You have tentacles for arms and can constrict up to eight enemies at once.


Message History

The quokka closely misses you.
You tentacle-slap the quokka but do no damage.
You squeeze the quokka.
You kill the quokka!
The orc hits you from afar with a +0 trident.
You tentacle-slap the orc but do no damage.
Your grab misses the orc. Your squeeze misses the orc.
The orc barely misses you.
The orc hits you from afar with a +0 trident.
You tentacle-slap the orc. Your grab misses the orc.
The orc is lightly wounded.
The orc barely misses you. The orc hits you with a +0 club.
You tentacle-slap the orc. You grab the orc. You squeeze the orc.
You kill the orc!
The orc hits you from afar with a +0 trident.
The orc hits you with a +0 trident!
An orc comes into view. It is wielding a +0 flail.
Things that are here:
a +0 club; an orc corpse; a quokka corpse The orc shouts!
You tentacle-slap the orc. Your grab misses the orc.
The orc is lightly wounded.
The orc hits you with a +0 trident.
* * * LOW HITPOINT WARNING * * *
Unknown command.
Casting: Magic Dart (safe; 2% risk of failure)
Confirm with . or Enter, or press ? or * to list all spells.
You don't know that spell.
Unknown command.
You aren't carrying any items that you can evoke.
Unknown command.
Casting: Magic Dart (safe; 2% risk of failure)
Confirm with . or Enter, or press ? or * to list all spells.
Aiming: Magic Dart (safe; 2% risk of failure)
Press: ? - help, Shift-Dir - straight line, f - orc
Aim: an orc, wielding a +0 trident (lightly wounded, 100% to hit)
The magic dart hits the orc.
The orc is heavily wounded.
The orc hits you with a +0 trident!
You die...

## #### .. .>#
##.#.##.# ...))Koo#
..)####@###########
#...........#
#........########.#
...#.##..# ####.#
.. #..# #....# .).
#.######.#### ..
#.##...<.# .
#.##.#...# #.#
#.###


You could see 2 orcs and a kobold.

Vanquished Creatures
  An adder (D:2)
  An ufetubus (D:2)
  A worm (D:2)
  3 orcs (D:3)
  4 endoplasms
  2 giant cockroaches (D:2)
  5 goblins
  A hobgoblin (D:2)
  A kobold (D:2)
  4 quokkas
  4 bats
  2 frilled lizards
  2 rats (D:2)
31 creatures vanquished.

Vanquished Creatures (others)
  A fungus (D:2)
1 creature vanquished.

Grand Total: 32 creatures vanquished

Notes
Turn   | Place    | Note
-------+----------+-------------------------------------------
     0 | D:1      | raistware the Octopode Conjurer began the quest for the
                  | Orb.
     0 | D:1      | Reached XP level 1. HP: 11/11 MP: 3/3
   348 | D:1      | Reached XP level 2. HP: 17/17 MP: 2/5
   596 | D:1      | Found Eruipa's Assorted Antiques.
   598 | D:1      | Found a faded altar of an unknown god.
   605 | D:1      | Bought a scroll labelled DAGECHEOXU for 17 gold pieces
   605 | D:1      | Bought an amethyst potion for 15 gold pieces
   605 | D:1      | Bought a dark potion for 15 gold pieces
  1094 | D:2      | Reached XP level 3. HP: 21/21 MP: 4/7
  1992 | D:2      | Found a runed translucent door.
  1993 | D:2      | Noticed Crazy Yiuf
  2140 | D:1      | Bought a scroll labelled ZUAPPU QAUS for 17 gold pieces
  2140 | D:1      | Bought a scroll labelled TAIQAP DIH DIU for 17 gold pieces
  2227 | D:3      | Slain by an orc

Illustrated notes

Levels and vault maps discovered:
D:1:      tarquinn_simple_flora_water_e, layout_rooms, basic_ecumenical_altar,
          serial_forest, infiniplex_forest_clump_double,
          infiniplex_forest_straight_2, infiniplex_forest_zigzag_2,
          infiniplex_forest_straight_1, infiniplex_forest_pool,
          infiniplex_forest_clump_diagonal, infiniplex_forest_clump_long,
          infiniplex_forest_lined_4_way, infiniplex_forest_clump_curved,
          infiniplex_forest_lined_room_2, serial_shops, shop,
          minmay_misc_feat_doors
D:2:      layout_basic, uniq_crazy_yiuf_cottage
D:3:      layout_basic, zin_purify, hellmonk_ghost_happy_afterlife,
          dk_noncrumbling_2, chequers_hall_statues_wall_a, minmay_vboxes

Skill      XL: |  1  2 |
---------------+-------+-----
Spellcasting   | 3 |  3.8
Dodging        | |  2.0
Stealth        | |  2.6
Conjurations   | |  4.0

Action                   || total
-------------------------++-------
Melee: Unarmed           ||    14
       Tentacles         ||     4
       Constrict         ||     4
 Cast: Magic Dart        ||    65
Armor: Skin              ||     1
Dodge: Dodged            ||     9
